 Dungeon Crawl Stone Soup version 0.29.1-2-gbd0b4ee654 (webtiles) character file.

Game seed: 9145622684299998868

209 Descartes the Shield-Bearer (level 6, -1/49 HPs)
             Began as a Formicid Fighter on Nov 7, 2022.
             Succumbed to a scorpion's poison
             ... on level 3 of the Dungeon.
             The game lasted 00:03:40 (2437 turns).

Descartes the Shield-Bearer (Formicid Fighter)      Turns: 2437, Time: 00:03:41

Health: -1/49      AC:  7    Str: 22    XL:     6   Next: 12%
Magic:  17/17      EV:  9    Int:  8    God:
Gold:   101        SH:  5    Dex: 13    Spells: 8/8 levels left

rFire   . . .      SeeInvis +   a - +0 war axe
rCold   . . .      Faith    .   c - +0 buckler
rNeg    . . .      Spirit   .   b - +0 scale mail
rPois   .          Reflect  .   (helmet unavailable)
rElec   .          Harm     .   (no cloak)
rCorr   .          Rampage  .   (no gloves)
Will    .....                   (no boots)
Stlth   ..........              (no amulet)
HPRegen 0.16/turn               l - ring of flight
MPRegen 0.15/turn               o - ring of magical power

@: lethally poisoned (-1 -> -8), flying
A: permanent stasis, dig shafts and tunnels, antennae 3, four strong arms
a: Dig, Shaft Self


You were on level 3 of the Dungeon.
You visited 1 branch of the dungeon, and saw 3 of its levels.

You collected 101 gold pieces.

Inventory:

Hand Weapons
 a - a +0 war axe (weapon)
 p - a +0 triple crossbow
Missiles
 e - 4 poisoned darts
 f - 2 atropa-tipped darts
Armour
 b - a +0 scale mail (worn)
 c - a +0 buckler (worn)
Jewellery
 l - a ring of flight (left hand)
 m - a ring of wizardry
 o - a ring of magical power (right hand)
Wands
 n - a wand of mindburst (20)
Scrolls
 g - 2 scrolls of noise {unknown}
 h - 2 scrolls of amnesia {unknown}
 i - a scroll of teleportation {unknown}
 k - a scroll of fear {unknown}
 s - a scroll of identify {unknown}
 t - a scroll of poison {unknown}
 u - 2 scrolls of fog {unknown}
Potions
 d - a potion of might


   Skills:
 + Level 4.3 Fighting
 + Level 3.1 Axes
 + Level 4.2 Armour
 + Level 5.2 Shields
 + Level 1.9 Spellcasting


You had 8 spell levels left.
You didn't know any spells.
Your spell library was empty.

Dungeon Overview and Level Annotations

Branches:
Dungeon (3/15)

Altars:
Kikubaaqudgha
Yredelemnul


Innate Abilities, Weirdness & Mutations

You cannot be hasted, slowed, berserked, paralysed or teleported.
You can dig through walls and to a lower floor.
You have a pair of large antennae on your head. (SInv)
Your four strong arms can wield two-handed weapons with a shield.


Message History

The scorpion is heavily wounded.
* * * LOW HITPOINT WARNING * * *
You feel very sick.
The scorpion stings you but does no damage.
Unknown command.
You slash the scorpion!
The scorpion is almost dead.
* * * LOW HITPOINT WARNING * * *
You feel very sick. The scorpion barely misses you. The scorpion stings you.
* * * LOW HITPOINT WARNING * * *
It was a potion of haste.
Your stasis prevents you from being hasted.
* * * LOW HITPOINT WARNING * * *
You feel sick.
The scorpion stings you but does no damage.
It was a potion of heal wounds.
You feel much better.
You feel sick. The scorpion barely misses you. The scorpion stings you.
You hit the scorpion but do no damage.
The scorpion is almost dead.
You feel sick. The scorpion stings you.
You barely miss the scorpion.
The scorpion is almost dead.
You feel sick. The scorpion stings you.
* * * LOW HITPOINT WARNING * * *
You are lethally poisoned!
The scorpion poisons you! The scorpion stings you.
* * * LOW HITPOINT WARNING * * *
You barely miss the scorpion.
The scorpion is almost dead.
* * * LOW HITPOINT WARNING * * *
You feel very sick. You block the scorpion's attack.
The scorpion stings you but does no damage.
You slash the scorpion!
You kill the scorpion!
* * * LOW HITPOINT WARNING * * *
You feel very sick.
You have reached level 6!
You die...

########### #..........
#..@....... #..........
#.......... #######
##..........
......#######..#########
.........†....#).≈≈≈≈≈.
......#########.§§....≈
......# #§§§≈≈≈.≈
......# #.§≈...≈≈


There were no monsters in sight!

Vanquished Creatures
  A scorpion (D:3)
  A hound (D:3)
  Robin (D:2)
  4 adders (D:2)
  A worm (D:3)
  A dart slug (D:1)
  7 ball pythons
  A bat (D:1)
  6 endoplasms
  4 giant cockroaches (D:1)
  13 goblins
  9 hobgoblins
  7 kobolds
  6 frilled lizards
  2 rats
64 creatures vanquished.

Notes
Turn   | Place    | Note
-------+----------+-------------------------------------------
     0 | D:1      | Descartes the Formicid Fighter began the quest for the Orb.
     0 | D:1      | Reached XP level 1. HP: 18/18 MP: 1/1
   113 | D:1      | Reached XP level 2. HP: 22/24 MP: 2/2
   485 | D:1      | Reached XP level 3. HP: 26/29 MP: 3/3
  1002 | D:2      | Noticed Robin
  1006 | D:2      | Reached XP level 4. HP: 19/37 MP: 5/5
  1291 | D:2      | Killed Robin
  1292 | D:2      | Reached skill level 1 in Spellcasting
  1522 | D:2      | Found a faded altar of an unknown god.
  1550 | D:2      | Reached XP level 5. HP: 13/42 MP: 6/6
  1851 | D:2      | Found a basalt altar of Yredelemnul.
  2190 | D:3      | Reached skill level 5 in Shields
  2411 | D:3      | Found an ancient bone altar of Kikubaaqudgha.
  2419 | D:3      | HP: 2/42 [poisoned by a scorpion]
  2430 | D:3      | HP: 2/42 [scorpion (1)]
  2436 | D:3      | HP: 1/42 [poisoned by a scorpion]
  2437 | D:3      | Reached XP level 6. HP: 1/49 MP: 8/8
  2437 | D:3      | Succumbed to a scorpion's poison

Illustrated notes

Levels and vault maps discovered:
D:1:      saegor_arrival_under_anarchy, layout_rooms
D:2:      layout_loops_ring, basic_altar, nicolae_ecumenical_snake_handling,
          uniq_robin
D:3:      layout_rooms, mainiacjoe_overflow_paths, zin_angel,
          kennysheep_cluttered_room, dk_noncrumbling_2

Skill      XL: |  1  2  3  4  5 |
---------------+----------------+-----
Spellcasting   | 1 |  1.9
Fighting       | 4 |  4.3
Armour         | 4 |  4.2
Axes           | 3 |  3.1
Shields        | 5 |  5.2

Action                   |  1- 3 |  4- 6 || total
-------------------------+-------+-------++-------
Melee: War axe           |    74 |    88 ||   162
  Use: Potion            |       |     3 ||     3
Armor: Scale mail        |    38 |    51 ||    89
Dodge: Dodged            |    45 |    44 ||    89
Block: Buckler           |    18 |    21 ||    39
